 Dungeon Crawl Stone Soup version 0.28-a0-980-g3664467d6e (webtiles) character file.

Game seed: 11244206678260943217

191 Conn the Sneak (level 5, -1/31 HPs)
             Began as an Octopode Fire Elementalist on Dec 2, 2021.
             Killed from afar by an orc wizard (5 damage)
             ... with a magic dart
             ... on level 3 of the Dungeon.
             The game lasted 00:05:14 (3898 turns).

Conn the Sneak (Octopode Fire Elementalist)         Turns: 3898, Time: 00:05:15

Health: -1/31      AC:  1    Str:  7    XL:     5   Next: 70%
Magic:  1/9        EV: 13    Int: 20    God:
Gold:   100        SH:  0    Dex: 12    Spells: 3/10 levels left

rFire   . . .      SeeInvis .   d - +0 dagger
rCold   . . .      Faith    .   (no shield)
rNeg    . . .      Spirit   .   (helmet restricted)
rPois   .          Reflect  .   (no amulet)
rElec   .          Harm     .   (no ring)
rCorr   .          Rampage  .   (no ring)
Will    .....                   (no ring)
Stlth   ++++......              (no ring)
HPRegen 0.10/turn               (no ring)
MPRegen 0.11/turn               (no ring)
                                (no ring)
                                (no ring)

@: mighty, lethally poisoned (-1 -> -2), hasted, very quick
A: almost no armour, amphibious, 8 rings, camouflage 1, gelatinous body 1,
(nimble swimmer 1), tentacles
a: no special abilities


You were on level 3 of the Dungeon.
You visited 1 branch of the dungeon, and saw 3 of its levels.
You also visited: Sewer.

You collected 100 gold pieces.

Inventory:

Hand Weapons
 d - a +0 dagger (weapon)
Missiles
 b - 23 poisoned darts
 f - 21 sling bullets
 m - a throwing net
Scrolls
 a - 2 scrolls of vulnerability {unknown}
 c - a scroll of enchant armour {unknown}
 h - a scroll of blinking {unknown}
 l - 4 scrolls of identify {unknown}
Potions
 e - a potion of lignification {unknown}
 g - a potion of curing {unknown}
 i - a potion of brilliance {unknown}
 j - 2 potions of haste
 k - 3 potions of might
 n - 2 potions of magic {unknown}
 o - 3 potions of cancellation {unknown}
 p - a potion of heal wounds {unknown}


   Skills:
 + Level 0.1 Fighting
 + Level 0.7 Short Blades
 + Level 2.4 Dodging
 + Level 4.4 Stealth
 + Level 3.1 Spellcasting
 + Level 2.1 Conjurations
 + Level 4.1 Fire Magic


You had 3 spell levels left.
You knew the following spells:

 Your Spells              Type           Power      Damage    Failure   Level
a - Foxfire               Conj/Fire      60%        2x1d7     4%          1
b - Conjure Flame         Conj/Fire      15%        6-21      12%         3
c - Inner Flame           Hex/Fire       11%        N/A       19%         3

Your spell library contained the following spells:

 Spells                   Type           Power      Damage    Failure   Level
 Scorch                   Fire           38%        2d6       4%          2
 Flame Wave               Conj/Fire      15%        2d5       36%         4


Dungeon Overview and Level Annotations

Branches:
Dungeon (3/15)              Sewer (visited)

Altars:

Shops:
D:1 [


Innate Abilities, Weirdness & Mutations

You cannot wear most types of armour.
You are amphibious.
You can wear up to eight rings at the same time.
Your skin changes colour to match your surroundings (Stealth+).
Your rubbery body absorbs attacks. (AC +1, EV +1)
((You are camouflaged near water. (Stealth+)))
You have tentacles for arms and can constrict up to eight enemies at once.


Message History

You don't have enough magic to cast this spell.
Unknown command.
Casting: Foxfire (safe; 4% risk of failure)
Confirm with . or Enter, or press ? or * to list all spells.
You don't have enough magic to cast this spell.
Unknown command.
The foxfire hits the adder.
The adder is almost dead.
The foxfire hits the orc wizard.
The orc wizard is moderately wounded.
The adder barely misses you.
You miss the adder. Your grab misses the adder.
The adder is almost dead.
The orc wizard gestures at you while chanting.
The magic dart hits you! The adder closely misses you.
Unknown command.
You hit the adder but do no damage. Your grab misses the adder.
The adder is almost dead.
The adder barely misses you.
Unknown command.
The orc wizard hits you with a +0 dagger.
The adder bites you.
You are poisoned.
The adder poisons you!
You feel sick.
You feel sick.
You feel sick.
It was a potion of haste.
You feel yourself speed up.
You feel sick.
A bat comes into view.
The orc wizard gestures at you while chanting.
The puff of flame hits you!
* * * LOW HITPOINT WARNING * * *
Okay, then.
Okay, then.
It was a potion of might.
You feel very mighty all of a sudden.
You feel sick.
The orc wizard points at you and mumbles some strange words.
The magic dart hits you.
You die...

. .... #######.###
...#).##### ##.#
...#......######### ##≈§#
#.#..).........##≈..###≈≈≈#
.#.#..#......# #≈≈...##≈≈≈#
...........######≈≈#≈÷≈#≈≈##
#....#..#.####.#≈≈#≈.≈#≈≈#
#....#....So.#.#.≈#≈÷≈#≈≈#
.#[......#.##@#.#.≈#≈.≈#≈.#
...........g....#≈≈#≈÷≈#≈.#
...........##...#≈≈#≈.≈#≈.#
.......[b.....<.#≈.##≈..†≈#
....##..##.##.##.≈.###..≈##
.................≈## #####
..########...)....#
#.##.###.# #....# #.#


You could see an orc wizard, an adder, a hobgoblin and a bat.

Vanquished Creatures
  A kobold brigand (Sewer)
  3 adders
  2 worms (D:2)
  A dart slug (D:2)
  2 orcs (D:3)
  8 ball pythons
  4 endoplasms
  7 giant cockroaches
  3 goblins
  8 hobgoblins
  3 jackals (D:2)
  7 quokkas
  4 bats
  5 frilled lizards
  17 kobolds
  7 rats
82 creatures vanquished.

Vanquished Creatures (collateral kills)
  22 foxfires (Sewer)
22 creatures vanquished.

Vanquished Creatures (others)
  228 foxfires
  A fungus (Sewer)
  3 plants (Sewer)
232 creatures vanquished.

Grand Total: 336 creatures vanquished

Notes
Turn   | Place    | Note
-------+----------+-------------------------------------------
     0 | D:1      | Conn the Octopode Fire Elementalist began the quest for the
                  | Orb.
     0 | D:1      | Reached XP level 1. HP: 11/11 MP: 3/3
   355 | D:1      | Reached XP level 2. HP: 17/17 MP: 1/5
  1129 | D:1      | Found Tixtux's Antique Armour Emporium.
  1641 | D:2      | Reached XP level 3. HP: 21/21 MP: 6/6
  1651 | D:2      | Learned a level 3 spell: Conjure Flame
  1655 | D:2      | Learned a level 3 spell: Inner Flame
  2039 | D:2      | Reached XP level 4. HP: 16/27 MP: 3/7
  2858 | D:3      | Found a glowing drain.
  2881 | Sewer    | Entered a sewer
  3514 | Sewer    | Reached XP level 5. HP: 31/31 MP: 5/9
  3630 | Sewer    | Noticed a kobold brigand
  3645 | Sewer    | Killed a kobold brigand
  3898 | D:3      | Killed from afar by an orc wizard

Illustrated notes

Levels and vault maps discovered:
D:1:      psy_arrival_fountain, layout_loops_corners, serial_shops,
          nicolae_shop_trees
D:2:      layout_loops_ring, hangedman_decor_opposing
D:3:      layout_basic, gup_sewer_entry_pipe, minivault_11

Skill      XL: |  1  2  3  4  5 |
---------------+----------------+-----
Stealth        | 3 4 |  4.4
Spellcasting   | 3 |  3.1
Conjurations   | 2 |  2.1
Fire Magic     | 4 |  4.1
Fighting       | |  0.1
Short Blades   | |  0.7
Dodging        | |  2.4

Action                   |  1- 3 |  4- 6 || total
-------------------------+-------+-------++-------
Melee: Dagger            |    40 |    31 ||    71
       Constrict         |     8 |     5 ||    13
       Tentacles         |     2 |     6 ||     8
 Cast: Foxfire           |    56 |    93 ||   149
  Use: Potion            |       |     2 ||     2
 Stab: Sleeping          |     4 |     4 ||     8
Armor: Skin              |     3 |       ||     3
Dodge: Dodged            |    31 |    30 ||    61

Table legend: (Time is in decaauts)
 A = Elapsed time spent in this place.
 B = Non-inter-level travel time spent in this place.
 C = Inter-level travel time spent in this place.
 D = Time resting spent in this place.
 E = Time spent auto-exploring this place.
 F = Levels seen in this place.
 G = Mean time per level.
                   A        B        C        D        E       F      G
               +--------+--------+--------+--------+--------+-----+--------+
         Total |   3897 |   3860 |     37 |      0 |   3159 |   4 |  974.2 |
       Dungeon |   2931 |   2894 |     37 |      0 |   2372 |   3 |  977.0 |
         Sewer |    965 |    965 |      0 |      0 |    787 |   1 |  965.0 |
               +--------+--------+--------+--------+--------+-----+--------+

Top non-repeatable levels by time:
     D:1: 1637 daAuts
     D:2: 1063 daAuts
   Sewer: 965 daAuts
     D:3: 230 daAuts
